 Dungeon Sprint DCSS version 0.29-a0-356-g7bc237e783 (webtiles) character file.

Game seed: 15314635625478397207

3200000 Zeldest the Axe Maniac (level 20, -42/197 HPs)
             Began as a Mummy Warper on Apr 25, 2022.
             Was the Champion of Makhleb.
             Annihilated by The Servant
             ... wielding a +9 glaive of flaming
              (66 damage)
             ... in the Dungeon (Sprint VIII: "Arena of Blood").
             The game lasted 00:01:21 (32 turns).

Zeldest the Axe Maniac (Mummy Warper)                 Turns: 32, Time: 00:01:21

Health: -42/197    AC:  6    Str: 14    XL:     20   Next: 36%
Magic:  20/37      EV: 32    Int: 13    God:    Makhleb [******]
Gold:   0          SH:  0    Dex: 20    Spells: 31/31 levels left

rFire   x . .      SeeInvis .   e - +∞ Axe of Woe
rCold   + . .      Faith    .   (shield currently unavailable)
rNeg    + + +      Spirit   .   b - +0 leather armour
rPois   ∞          Reflect  .   (no helmet)
rElec   .          Harm     .   (no cloak)
rCorr   .          Rampage  .   (no gloves)
Will    ++...      NoTele   +   (no boots)
Stlth   ++++++++++              (no amulet)
HPRegen 0.42/turn               (no ring)
MPRegen 0.25/turn               (no ring)

@: no status effects
A: cold resistance 1, negative energy resistance 3, torment resistance 2, heat
vulnerability 1, in touch with death 2, no potions
a: Renounce Religion, Minor Destruction, Lesser Servant of Makhleb, Major
Destruction, Greater Servant of Makhleb


You were in the Dungeon.
You worshipped Makhleb.
Makhleb was exalted by your worship.
You visited 1 branch

Inventory:

Hand Weapons
 a - a +0 hand axe
 e - the +∞ Axe of Woe (weapon)
   (You found it in the Dungeon)
Missiles
 d - 7 boomerangs of dispersal (quivered)
Armour
 b - a +0 leather armour (worn)
Scrolls
 c - 2 scrolls of blinking


   Skills:
 O Level 27 Fighting
 + Level 3.9(4.7) Short Blades
 + Level 4.0(4.8) Long Blades
 O Level 27 Axes
 + Level 3.9(18.5) Maces & Flails
 + Level 3.9(18.5) Polearms
 + Level 3.9(5.3) Staves
 + Level 3.9 Bows
 + Level 3.9 Crossbows
 + Level 4.0 Throwing
 O Level 27 Armour
 O Level 27 Dodging
 O Level 27 Stealth
 + Level 4.0 Shields
 + Level 3.9 Unarmed Combat
 + Level 6.4 Spellcasting
 + Level 3.8 Conjurations
 + Level 4.3 Hexes
 + Level 3.9 Summonings
 + Level 4.8 Necromancy
 + Level 4.7 Translocations
 + Level 3.9 Transmutations
 + Level 3.8 Fire Magic
 + Level 3.8 Ice Magic
 + Level 3.9 Air Magic
 + Level 3.8 Earth Magic
 + Level 3.9 Poison Magic
 O Level 27 Invocations
 + Level 4.0 Evocations


You had 31 spell levels left.
You didn't know any spells.
Your spell library contained the following spells:

 Spells                   Type           Power      Damage    Failure   Level
 Blink                    Tloc           32%        N/A       3%          2
 Gell's Gravitas          Tloc           16%        N/A       8%          3
 Lesser Beckoning         Tloc           16%        N/A       8%          3
 Teleport Other           Tloc           16%        N/A       8%          3
 Manifold Assault         Tloc           16%        N/A       56%         5


Dungeon Overview and Level Annotations

Branches:
Dungeon (1/1)

Altars:
Makhleb

Annotations:
D The Servant


Innate Abilities, Weirdness & Mutations

You are immune to poison.
Your flesh is cold resistant. (rC+)
You are immune to negative energy. (rN+++)
You are immune to unholy pain and torment.
You are vulnerable to heat. (rF-)
You are strongly in touch with the powers of death.
You do not drink.


Message History

You need to enable at least one skill for training.
Your base Short Blades skill gained 3 levels and is now at level 3!
Your Long Blades skill gained 4 levels and is now at level 4!
Your base Maces & Flails skill gained 3 levels and is now at level 3!
Your base Polearms skill gained 3 levels and is now at level 3!
Your base Staves skill gained 3 levels and is now at level 3!
Your Bows skill gained 3 levels and is now at level 3!
Your Crossbows skill gained 3 levels and is now at level 3!
Your Throwing skill gained 4 levels and is now at level 4!
Your Shields skill gained 4 levels and is now at level 4!
Your Unarmed Combat skill gained 3 levels and is now at level 3!
Your Spellcasting skill gained 4 levels and is now at level 6!
Your Conjurations skill gained 3 levels and is now at level 3!
Your Hexes skill gained 4 levels and is now at level 4!
Your Summonings skill gained 3 levels and is now at level 3!
Your Necromancy skill gained 4 levels and is now at level 4!
Your Translocations skill gained 2 levels and is now at level 4!
Your Transmutations skill gained 3 levels and is now at level 3!
Your Fire Magic skill gained 3 levels and is now at level 3!
Your Ice Magic skill gained 3 levels and is now at level 3!
Your Air Magic skill gained 3 levels and is now at level 3!
Your Earth Magic skill gained 3 levels and is now at level 3!
Your Poison Magic skill gained 3 levels and is now at level 3!
Your Evocations skill gained 4 levels and is now at level 4!
You have reached level 20!
You feel agile.
The destroyer appears out of thin air!
A destroyer comes into view. It is wielding a +9 vorpal great sword.
You hear a shout! x4
The bag of meat is engulfed in blazing flames.
The bag of meat completely misses you.
You hear a shout!
The destroyer gestures at you while chanting.
The destroyer blinks!
A meat berserker comes into view. It is wielding a +9 battleaxe.
The Servant hits you with a +9 glaive of flaming!!!!
Ouch! That really hurt!
* * * LOW HITPOINT WARNING * * *
The Servant burns you!!!
You die...

...............###.....
.......#........_......
....#.......#.....#
###.§..V.....#_)<._#
##....#..o)o..#.....#.
.......§#O§.))D.._......
.......§§°o).)..###.....
......o§☼o§###.......###
......o@))...#.......#
O.....o@.....#...o...#
....#.§..........o....
...#.#.#..V...........
....#.#...............
..#.# #......... #...#
.....#... #. .......


You could see The Servant, an eight-headed meat hydra, 2 destroyers, a large bag
of meat (inner flame), a meat berserker (berserk) and 7 bags of meat.

Vanquished Creatures
  2 vampire knights (D)
  10 ogres (D)
  3 two-headed ogres (D)
  22 orcs (D)
37 creatures vanquished.

Notes
Turn   | Place    | Note
-------+----------+-------------------------------------------
     0 | D        | Found the +∞ Axe of Woe
     0 | D        | Zeldest the Mummy Warper began the quest for the Orb.
     0 | D        | Reached XP level 1. HP: 16/16 MP: 4/4
     2 | D        | Noticed a meat berserker
     3 | D        | Became a worshipper of Makhleb the Destroyer
     4 | D        | Noticed a bag of meat
     5 | D        | Killed a meat berserker
     5 | D        | Noticed a bag of meat
     6 | D        | Reached XP level 2. HP: 41/41 MP: 5/5
     6 | D        | Gained mutation: You are in touch with the powers of death.
                  | [Mummy growth]
     6 | D        | Reached XP level 3. HP: 47/47 MP: 7/7
     6 | D        | Reached XP level 4. HP: 54/54 MP: 8/8
     6 | D        | Reached XP level 5. HP: 60/60 MP: 9/9
     6 | D        | Reached XP level 6. HP: 67/67 MP: 10/10
     6 | D        | Reached XP level 7. HP: 73/73 MP: 11/11
     6 | D        | Reached XP level 8. HP: 80/80 MP: 12/12
     6 | D        | Reached XP level 9. HP: 86/86 MP: 13/13
     6 | D        | Reached XP level 10. HP: 93/93 MP: 14/14
     6 | D        | Reached XP level 11. HP: 99/99 MP: 15/15
     6 | D        | Noticed a bag of meat
     6 | D        | Noticed a meat berserker
     6 | D        | Noticed a bag of meat
     7 | D        | Killed a bag of meat
     7 | D        | Reached * piety under Makhleb
     7 | D        | Noticed a meat berserker
     7 | D        | Noticed a bag of meat
     7 | D        | Noticed a bag of meat
     8 | D        | Reached skill level 15 in Fighting
     8 | D        | Reached XP level 12. HP: 109/109 MP: 16/16
     9 | D        | Noticed a bag of meat
     9 | D        | Noticed a bag of meat
     9 | D        | Noticed a bag of meat
    10 | D        | Killed a bag of meat
    11 | D        | Gained mutation: You are strongly in touch with the powers
                  | of death. [Mummy growth]
    11 | D        | Reached XP level 13. HP: 117/117 MP: 17/17
    11 | D        | Killed a meat berserker
    11 | D        | Killed a bag of meat
    11 | D        | Reached ** piety under Makhleb
    12 | D        | Reached XP level 14. HP: 128/128 MP: 17/20
    12 | D        | Noticed a meat berserker
    13 | D        | Killed a bag of meat
    13 | D        | Noticed a bag of meat
    14 | D        | Reached skill level 15 in Armour
    14 | D        | Reached skill level 15 in Dodging
    14 | D        | Noticed a bag of meat
    14 | D        | Killed a bag of meat
    14 | D        | Killed a bag of meat
    14 | D        | Reached *** piety under Makhleb
    14 | D        | Noticed a bag of meat
    14 | D        | Noticed a large bag of meat
    14 | D        | Noticed a meat berserker
    15 | D        | Reached skill level 10 in Stealth
    15 | D        | Reached skill level 10 in Invocations
    15 | D        | Killed a bag of meat
    15 | D        | Killed a meat berserker
    15 | D        | Noticed a bag of meat
    15 | D        | Noticed a bag of meat
    15 | D        | Noticed a bag of meat
    16 | D        | Reached XP level 15. HP: 141/141 MP: 17/24
    16 | D        | Reached **** piety under Makhleb
    17 | D        | Killed a meat berserker
    18 | D        | Reached XP level 16. HP: 150/150 MP: 17/26
    18 | D        | Noticed a meat berserker
    19 | D        | Noticed a large bag of meat
    19 | D        | Noticed a large bag of meat
    20 | D        | Noticed a destroyer
    20 | D        | Noticed a meat berserker
    21 | D        | Killed a meat berserker
    21 | D        | Reached ***** piety under Makhleb
    22 | D        | Killed a meat berserker
    22 | D        | Noticed a meat berserker
    22 | D        | Noticed a meat berserker
    23 | D        | Reached XP level 17. HP: 163/163 MP: 18/29
    24 | D        | Reached skill level 27 in Axes
    24 | D        | Noticed a meat berserker
    24 | D        | Noticed a destroyer
    25 | D        | Noticed a large bag of meat
    25 | D        | Killed a large bag of meat
    25 | D        | Reached ****** piety under Makhleb
    26 | D        | Killed a meat berserker
    27 | D        | Reached XP level 18. HP: 164/180 MP: 19/32
    27 | D        | Killed a destroyer
    27 | D        | Noticed a destroyer
    28 | D        | Reached skill level 27 in Fighting
    28 | D        | Noticed The Servant
    29 | D        | Killed a large bag of meat
    29 | D        | Noticed a destroyer
    30 | D        | Reached XP level 19. HP: 63/189 MP: 19/34
    30 | D        | Killed a meat berserker
    30 | D        | Killed a large bag of meat
    30 | D        | Killed a meat berserker
    30 | D        | Noticed an eight-headed meat hydra
    31 | D        | Reached skill level 27 in Dodging
    31 | D        | Killed a destroyer
    31 | D        | Killed a meat berserker
    32 | D        | Reached skill level 27 in Armour
    32 | D        | Reached skill level 27 in Stealth
    32 | D        | Reached skill level 27 in Invocations
    32 | D        | Reached XP level 20. HP: 131/197 MP: 20/37
    32 | D        | Noticed a meat berserker
    32 | D        | Annihilated by The Servant

Illustrated notes

Levels and vault maps discovered:
D:        meatsprint

Skill      XL: |  1  2  3  4  5  6  7  8  9 10 11 12 13 14 15 16 17 18 19 |
---------------+----------------------------------------------------------+-----
Fighting       | 13 15 17 19 20 23 26 27 | 27.0
Axes           | 16 17 18 20 22 23 26 27 | 27.0
Armour         | 11 12 13 14 16 17 19 22 24 27 | 27.0
Dodging        | 11 12 13 14 16 17 19 22 24 27 | 27.0
Stealth        | 4 8 12 14 17 21 23 27 | 27.0
Invocations    | 4 8 12 14 17 21 23 27 | 27.0
Short Blades   | 3 |  3.9
Long Blades    | 4 |  4.0
Maces & Flails | 3 |  3.9
Polearms       | 3 |  3.9
Staves         | 3 |  3.9
Bows           | 3 |  3.9
Crossbows      | 3 |  3.9
Throwing       | 4 |  4.0
Shields        | 4 |  4.0
Unarmed Combat | 3 |  3.9
Spellcasting   | 6 |  6.4
Conjurations   | 3 |  3.8
Hexes          | 4 |  4.3
Summonings     | 3 |  3.9
Necromancy     | 4 |  4.8
Translocations | 4 |  4.7
Transmutations | 3 |  3.9
Fire Magic     | 3 |  3.8
Ice Magic      | 3 |  3.8
Air Magic      | 3 |  3.9
Earth Magic    | 3 |  3.8
Poison Magic   | 3 |  3.9
Evocations     | 4 |  4.0

Action                   |  1- 3 |  4- 6 |  7- 9 | 10-12 | 13-15 | 16-18 | 19-21 || total
-------------------------+-------+-------+-------+-------+-------+-------+-------++-------
Melee: Executioner's axe |     1 |       |       |     2 |     6 |     9 |     2 ||    20
Dodge: Dodged            |       |       |       |       |       |     1 |     2 ||     3

Table legend: (Time is in decaauts)
 A = Elapsed time spent in this place.
 B = Non-inter-level travel time spent in this place.
 C = Inter-level travel time spent in this place.
 D = Time resting spent in this place.
 E = Time spent auto-exploring this place.
 F = Levels seen in this place.
 G = Mean time per level.
                   A        B        C        D        E       F      G
               +--------+--------+--------+--------+--------+-----+--------+
         Total |     28 |     28 |      0 |      0 |      0 |   1 |   28.0 |
       Dungeon |     28 |     28 |      0 |      0 |      0 |   1 |   28.0 |
               +--------+--------+--------+--------+--------+-----+--------+

Top non-repeatable levels by time:
       D: 28 daAuts
